 Dungeon Crawl Stone Soup version 0.26-a0-818-g75db068ed4 (webtiles) character file.

Game seed: 2205931605714270428

1075 mhtbhm the Cudgeller (level 8, 0/51 HPs)
             Began as a Gargoyle Berserker on Nov 14, 2020.
             Was a Priest of Trog.
             Slain by Grinder (3 damage)
             ... while paralysed by Grinder
             ... on level 5 of the Dungeon.
             The game lasted 00:05:52 (5099 turns).

mhtbhm the Cudgeller (Gargoyle Berserker)           Turns: 5099, Time: 00:05:53

Health: 0/51       AC:  0    Str: 23    XL:     8   Next: 29%
Magic:  8/8        EV:  3    Int:  8    God:    Trog [***...]
Gold:   208        SH:  0    Dex:  9    Spells: 7/7 levels left

rFire    . . .     SeeInvis .   (weapon currently unavailable)
rCold    . . .     Faith    .   (shield currently unavailable)
rNeg     + . .     Spirit   .   (armour currently unavailable)
rPois    ∞         Reflect  .   (helmet currently unavailable)
rElec    .         Harm     .   (cloak currently unavailable)
rCorr    .         Rampage  .   (gloves currently unavailable)
MR       .....                  (boots currently unavailable)
Stlth    +.........             (no amulet)
HPRegen  0.17/turn              (ring currently unavailable)
MPRegen  0.11/turn              (ring currently unavailable)

@: paralysed, pig-form, very quick
A: small, negative energy resistance 1, petrification resistance, rot immunity,
AC +5
a: Berserk, Trog's Hand, Renounce Religion


You were on level 5 of the Dungeon.
You worshipped Trog.
Trog was most pleased with you.
You were a filthy swine.
You visited 1 branch of the dungeon, and saw 5 of its levels.

You collected 208 gold pieces.

Inventory:

Hand Weapons
 a - a +1 vorpal flail (melded)
Armour
 b - a +0 chain mail (melded)
 h - a +0 helmet (melded)
 p - a +1 pair of boots (melded)
Jewellery
 s - an uncursed ring of protection from magic {unknown}
Wands
 r - a wand of flame (13)
Scrolls
 d - a scroll of teleportation
 g - a scroll of amnesia {unknown}
 i - 3 scrolls of remove curse
 k - a scroll of enchant armour {unknown}
 l - a scroll of enchant weapon
 m - a scroll of magic mapping {unknown}
 n - a scroll of blinking {unknown}
 o - a scroll of noise {unknown}
 q - 2 scrolls of fog {unknown}
Potions
 c - a potion of resistance {unknown}
 e - 3 potions of curing
 f - 4 potions of attraction {unknown}
 j - 2 potions of flight {unknown}
 t - a potion of ambrosia {unknown}


   Skills:
 + Level 5.9 Fighting
 + Level 6.9 Maces & Flails
 + Level 5.8 Armour
 + Level 2.2 Dodging
 + Level 1.1 Stealth


You had 7 spell levels left.
You didn't know any spells.
Your spell library was empty.

Dungeon Overview and Level Annotations

Branches:
Dungeon (5/15)             Temple (0/1) D:4

Altars:
Ashenzari
Cheibriados
Dithmenos
Elyvilon
Fedhas
Kikubaaqudgha
Makhleb
Nemelex Xobeh
Xom
The Shining One

Annotations:
D:5 Grinder


Innate Abilities, Weirdness & Mutations

You are resistant to torment.
((Your stone body is resilient. (AC +5)))
You are immune to poison.
You resist negative energy. (rN+)
((You are resistant to electric shocks. (rElec)))
((You can survive without breathing.))
You are immune to petrification.
You are immune to rotting.


Message History

Your +0 chain mail melds into your body.
The hound bites you. The jackal bites you. The jackal barely misses you.
Grinder gestures at you.
You suddenly lose the ability to move!
The hound bites you. The jackal bites you. The hound bites you.
The jackal bites you. Grinder hits you!
You writhe in agony.
The jackal bites you. x2
* * * LOW HITPOINT WARNING * * *
The hound bites you.
* * * LOW HITPOINT WARNING * * *
The jackal bites you.
* * * LOW HITPOINT WARNING * * *
The jackal bites you.
* * * LOW HITPOINT WARNING * * *
The jackal bites you.
* * * LOW HITPOINT WARNING * * *
Grinder hits you.
* * * LOW HITPOINT WARNING * * *
You writhe in agony.
You die...

#......# #..####...###
##.....# #..# #..##
#...##.# #..# ##.##
###..###..# #..# #..#
.....###..# #..###..#
.##...###.. #..##..##
.###....#..##..#...#
..................######
...............hhh......
##..........###h5h......
.###.......## #..#######
...........# #...
..........## ....
..........# #.....
......###.. ...##. .....
...# .. ....#


You could see Grinder, a hound and 3 jackals.

Vanquished Creatures
  An ice beast (D:5)
  2 ogres (D:4)
  A sky beast (D:5)
  4 scorpions
  A howler monkey (D:4)
  2 hounds
  5 orc wizards (D:5)
  A bullfrog skeleton (D:4)
  2 orc priests
  2 worker ants
  2 adders (D:4)
  An ufetubus (D:5)
  An ooze (D:2)
  3 worms
  6 dart slugs
  7 leopard geckos
  9 orcs
  5 bats
  3 giant cockroaches
  14 goblins
  8 hobgoblins
  8 jackals
  A quokka (D:5)
  3 frilled lizards
  11 kobolds
  12 rats
115 creatures vanquished.

Notes
Turn   | Place    | Note
-------+----------+-------------------------------------------
     0 | D:1      | mhtbhm the Gargoyle Berserker began the quest for the Orb.
     0 | D:1      | Reached XP level 1. HP: 14/14 MP: 1/1
    71 | D:1      | Reached XP level 2. HP: 17/19 MP: 2/2
   143 | D:1      | You fall into a shaft and drop 1 floor!
   143 | D:2      | Found a white marble altar of Elyvilon.
   143 | D:2      | Found a broken altar of Ashenzari.
   143 | D:2      | Found a shimmering altar of Xom.
   143 | D:2      | Found a burning altar of Makhleb.
   143 | D:2      | Found a glowing golden altar of the Shining One.
   143 | D:2      | Found a sparkling altar of Nemelex Xobeh.
   144 | D:2      | Found a blossoming altar of Fedhas.
   153 | D:2      | Reached XP level 3. HP: 24/24 MP: 3/3
   266 | D:2      | Found an ancient bone altar of Kikubaaqudgha.
   279 | D:2      | Reached ** piety under Trog
  1185 | D:2      | Reached XP level 4. HP: 29/29 MP: 4/4
  1449 | D:2      | Found a snail-covered altar of Cheibriados.
  1791 | D:1      | Reached skill level 4 in Maces & Flails
  2488 | D:3      | Found a white marble altar of Elyvilon.
  2880 | D:3      | Reached *** piety under Trog
  3091 | D:4      | Reached XP level 5. HP: 29/33 MP: 5/5
  3150 | D:3      | Reached skill level 5 in Maces & Flails
  3150 | D:3      | Reached XP level 6. HP: 9/39 MP: 6/6
  3665 | D:4      | Reached XP level 7. HP: 32/44 MP: 7/7
  3925 | D:4      | Reached skill level 6 in Maces & Flails
  3927 | D:4      | Found a staircase to the Ecumenical Temple.
  4023 | D:4      | Reached skill level 1 in Stealth
  4363 | D:5      | Entered Level 5 of the Dungeon
  4381 | D:4      | Reached skill level 5 in Fighting
  4529 | D:5      | Reached skill level 5 in Armour
  4822 | D:5      | Reached XP level 8. HP: 51/51 MP: 8/8
  5031 | D:5      | Found a shadowy altar of Dithmenos.
  5091 | D:5      | Noticed Grinder
  5097 | D:5      | Paralysed by Grinder for 6 turns
  5099 | D:5      | Slain by Grinder

Illustrated notes

Levels and vault maps discovered:
D:1:      dpeg_arrival_central, layout_basic, minmay_heptomino_h4
D:2:      layout_loops_cross, grunt_temple_overflow_open, old_standard_altar,
          kennysheep_slug_shrine
D:3:      layout_loops_cross, elyvilon_altar_1
D:4:      layout_cave_pools, minmay_temple_entry_waves, chequers_mini_garden,
          minmay_bisected
D:5:      layout_layer_cave, grunt_temple_overflow_bloody_war,
          old_standard_altar, serial_shops,
          nicolae_shop_temple_entry_statues_fountains, minmay_misc_feat_rugged,
          uniq_grinder

Skill      XL: |  1  2  3  4  5  6  7 |
---------------+----------------------+-----
Dodging        | 2 |  2.2
Fighting       | 4 5 |  5.9
Maces & Flails | 4 5 6 |  6.9
Armour         | 3 4 5 |  5.8
Stealth        | 1 |  1.1

Action                   |  1- 3 |  4- 6 |  7- 9 || total
-------------------------+-------+-------+-------++-------
Melee: Mace              |   150 |   190 |   107 ||   447
       Flail             |       |       |    14 ||    14
Invok: Berserk           |     1 |     2 |     4 ||     7
  Use: Scroll            |     3 |       |       ||     3
       Potion            |       |       |     1 ||     1
 Stab: Sleeping          |     1 |       |       ||     1
Armor: Animal skin       |    68 |       |       ||    68
       Chain mail        |    26 |   141 |    92 ||   259
Dodge: Dodged            |   136 |   100 |    43 ||   279

Table legend: (Time is in decaauts)
 A = Elapsed time spent in this place.
 B = Non-inter-level travel time spent in this place.
 C = Inter-level travel time spent in this place.
 D = Time resting spent in this place.
 E = Time spent auto-exploring this place.
 F = Levels seen in this place.
 G = Mean time per level.
                   A        B        C        D        E       F      G
               +--------+--------+--------+--------+--------+-----+--------+
         Total |   5247 |   5176 |     71 |   1423 |   2556 |   5 | 1049.4 |
       Dungeon |   5247 |   5176 |     71 |   1423 |   2556 |   5 | 1049.4 |
               +--------+--------+--------+--------+--------+-----+--------+

Top non-repeatable levels by time:
     D:2: 1459 daAuts
     D:3: 1214 daAuts
     D:4: 1158 daAuts
     D:1: 797 daAuts
     D:5: 617 daAuts
